 Dungeon Crawl Stone Soup version 0.28.0-53-g5a82cb258f (webtiles) character file.

Game seed: 1764319024821071890

42 SanguineChosen the Chopper (level 3, -2/33 HPs)
             Began as a Minotaur Berserker on Aug 2, 2022.
             Was a Believer of Trog.
             Killed by divine providence
             ... invoked by an orc priest
              (15 damage)
             ... on level 3 of the Dungeon.
             The game lasted 00:05:41 (2021 turns).

SanguineChosen the Chopper (Minotaur Berserker)     Turns: 2021, Time: 00:05:42

Health: -2/33      AC:  9    Str: 23    XL:     3   Next: 33%
Magic:  2/2        EV:  8    Int:  4    God:    Trog [**....]
Gold:   108        SH:  0    Dex:  9    Spells: 2/2 levels left

rFire   . . .      SeeInvis .   a - +0 hand axe
rCold   + . .      Faith    .   (no shield)
rNeg    . . .      Spirit   .   b - +0 chain mail
rPois   .          Reflect  .   (helmet restricted)
rElec   .          Harm     .   (no cloak)
rCorr   .          Rampage  .   (no gloves)
Will    .....                   (no boots)
Stlth   ..........              (no amulet)
HPRegen 0.11/turn               h - ring of protection from cold
MPRegen 0.08/turn               (no ring)

@: no status effects
A: horns 2, retaliatory headbutt
a: Renounce Religion, Berserk, Trog's Hand


You were on level 3 of the Dungeon.
You worshipped Trog.
Trog was pleased with you.
You visited 1 branch of the dungeon, and saw 3 of its levels.

You collected 108 gold pieces.

Inventory:

Hand Weapons
 a - a +0 hand axe (weapon)
Armour
 b - a +0 chain mail (worn)
Jewellery
 h - a ring of protection from cold (left hand)
Wands
 d - a wand of polymorph (4)
Scrolls
 e - a scroll of teleportation
 f - a scroll of enchant armour {unknown}
 g - a scroll of immolation {unknown}
 i - a scroll of holy word {unknown}
Potions
 c - a potion of curing {unknown}


   Skills:
 + Level 4.2 Fighting
 + Level 4.4 Axes
 + Level 2.8 Armour
 + Level 2.5 Dodging


You had 2 spell levels left.
You didn't know any spells.
Your spell library was empty.

Dungeon Overview and Level Annotations

Branches:
Dungeon (3/15)

Altars:


Innate Abilities, Weirdness & Mutations

You have a pair of horns on your head.
You reflexively headbutt those who attack you in melee.


Message History

The giant cockroach closely misses you. You furiously retaliate!
You headbutt the giant cockroach!
You kill the giant cockroach!
Trog accepts your kill.
No target in view!
No target in view!
No target in view!
No target in view!
You see here a giant cockroach corpse.
An orc comes into view. It is wielding a +0 club.
The orc shouts!
An orc priest comes into view. It is wielding a +0 club.
An orc comes into view. It is wielding a +0 falchion.
The orc shouts!
The orc priest shouts!
An orc comes into view. It is wielding a +0 mace.
The orc hits you but does no damage.
You completely miss the orc.
The orc priest mumbles some strange prayers to Beogh against you.
Beogh smites you!
You barely miss the orc. Your headbutt misses the orc.
You closely miss the orc. You hit the orc.
The orc is severely wounded.
You barely miss the orc. The orc hits you but does no damage.
The orc barely misses you. x2
You barely miss the orc. You headbutt the orc, but do no damage.
The orc is severely wounded.
You closely miss the orc. You hit the orc. The orc barely misses you.
The orc hits you with a +0 falchion. The orc hits you but does no damage.
You barely miss the orc.
The orc is severely wounded.
You barely miss the orc. You hit the orc. The orc hits you with a +0 mace.
The orc hits you with a +0 falchion. The orc barely misses you.
You furiously retaliate!
You headbutt the orc.
The orc priest calls upon Beogh to heal the orc.
The orc's wounds heal themselves!
The orc hits you but does no damage.
The orc priest mumbles some strange prayers to Beogh against you.
Beogh smites you!
You die...

#.# #.#
#####.#
#...†.#
#.#####
#.#######
#.......#
#..####.#
#@.# #oo#
#o.......
.o.......
#......#.#
..#.#### #
#.# .# #.
.. #. ##


You could see an orc priest and 3 orcs.

Vanquished Creatures
  7 ball pythons
  3 bats
  3 endoplasms (D:2)
  2 giant cockroaches (D:3)
  3 goblins (D:1)
  3 hobgoblins
  4 jackals (D:1)
  A quokka (D:1)
  3 frilled lizards
  4 kobolds (D:1)
  2 rats (D:2)
35 creatures vanquished.

Notes
Turn   | Place    | Note
-------+----------+-------------------------------------------
     0 | D:1      | SanguineChosen the Minotaur Berserker began the quest for
                  | the Orb.
     0 | D:1      | Reached XP level 1. HP: 19/19 MP: 0/0
   243 | D:1      | Reached XP level 2. HP: 16/27 MP: 1/1
   382 | D:1      | Found a faded altar of an unknown god.
  1284 | D:2      | Reached XP level 3. HP: 26/33 MP: 2/2
  1446 | D:2      | Reached ** piety under Trog
  2021 | D:3      | Killed from afar by an orc priest

Illustrated notes

Levels and vault maps discovered:
D:1:      ebering_trefoil_twist, layout_basic, hellmonk_ecumenical_altar_zigzags
D:2:      layout_basic, hangedman_decor_peaks_small, minmay_misc_feat_tower
D:3:      layout_loops_ring

Skill      XL: |  1  2 |
---------------+-------+-----
Axes           | 4 |  4.4
Fighting       | 4 |  4.2
Armour         | |  2.8
Dodging        | |  2.5

Action                   || total
-------------------------++-------
Melee: Hand axe          ||    75
       Headbutt          ||    13
  Use: Scroll            ||     1
Armor: Ring mail         ||    11
       Animal skin       ||     1
       Chain mail        ||    17
Dodge: Dodged            ||    56
